 Dungeon Crawl Stone Soup version 0.29.1-2-gbd0b4ee654 (webtiles) character file.

Game seed: 14874167704882839678

46 Tiocfaidh the Magician (level 3, -5/25 HPs)
             Began as a Mummy Earth Elementalist on Nov 22, 2022.
             Slain by a gnoll bouda
             ... wielding a +0 club
              (7 damage)
             ... on level 2 of the Dungeon.
             The game lasted 00:10:34 (1616 turns).

Tiocfaidh the Magician (Mummy Earth Elementalist)   Turns: 1616, Time: 00:10:34

Health: -5/25      AC:  4    Str: 11    XL:     3   Next: 44%
Magic:  4/7        EV: 12    Int: 16    God:
Gold:   149        SH:  0    Dex: 12    Spells: 7/8 levels left

rFire   x . .      SeeInvis .   e - +2 spear (freeze)
rCold   + . .      Faith    .   (no shield)
rNeg    + + +      Spirit   .   a - +2 robe
rPois   ∞          Reflect  .   (no helmet)
rElec   .          Harm     .   (no cloak)
rCorr   .          Rampage  .   (no gloves)
Will    .....                   (no boots)
Stlth   ++........              (no amulet)
HPRegen 0.08/turn               (no ring)
MPRegen 0.10/turn               (no ring)

@: weakened
A: cold resistance 1, negative energy resistance 3, torment resistance 2, heat
vulnerability 1, in touch with death 1, no potions
a: no special abilities


You were on level 2 of the Dungeon.
You visited 1 branch of the dungeon, and saw 3 of its levels.

You collected 149 gold pieces.

Inventory:

Hand Weapons
 e - a +2 spear of freezing (weapon)
Armour
 a - a +2 robe (worn)


   Skills:
 + Level 0.7 Fighting
 + Level 0.3 Polearms
 + Level 1.6 Dodging
 + Level 1.8 Stealth
 + Level 3.4 Spellcasting
 + Level 0.7 Transmutations
 + Level 3.0 Earth Magic


You had 7 spell levels left.
You knew the following spells:

 Your Spells              Type           Power      Damage    Failure   Level
a - Sandblast             Erth           24%        2d8       4%          1

Your spell library contained the following spells:

 Spells                   Type           Power      Damage    Failure   Level
 Passwall                 Tmut/Erth      6%         N/A       12%         2
 Stone Arrow              Conj/Erth      14%        3d7       28%         3
 Gell's Gravitas          Tloc           2%         N/A       47%         3
 Teleport Other           Tloc           2%         N/A       47%         3
 Petrify                  Tmut/Erth      8%         N/A       63%         4
 Dispersal                Tloc           1%         N/A       100%        6


Dungeon Overview and Level Annotations

Branches:
Dungeon (3/15)

Altars:

Annotations:
D:2 Sigmund


Innate Abilities, Weirdness & Mutations

You are immune to poison.
Your flesh is cold resistant. (rC+)
You are immune to negative energy. (rN+++)
You are immune to unholy pain and torment.
You are vulnerable to heat. (rF-)
You are in touch with the powers of death.
You do not drink.


Message History

Done waiting.
There is an open door here.
You open the door.
There is an open door here.
There is a stone staircase leading down here.
You can't go up here!
You climb downwards.
The gnoll shouts!
The gnoll bouda shouts!
The gnoll shouts!
Found a scratched bone ring.
There is a stone staircase leading up here.
The gnoll misses you.
The gnoll bouda hits you with a +0 club!
You climb upwards.
Level annotation: Sigmund
There is a stone staircase leading down here.
Aiming: Sandblast (safe; 5% risk of failure)
Press: ? - help, Q - select action Shift-Dir - straight line, f - gnoll
Aim: a gnoll, wielding a +0 club (84% to hit)
The blast of sand hits the gnoll.
The gnoll is heavily wounded.
The gnoll misses you.
The gnoll bouda gazes fiercely through you!
You feel your attacks grow feeble. The gnoll bouda closely misses you.
Aiming: Sandblast (safe; 5% risk of failure)
Press: ? - help, Q - select action Shift-Dir - straight line, f/p - gnoll
Aim: a gnoll, wielding a +0 club (heavily wounded, 84% to hit)
The blast of sand hits the gnoll!
You kill the gnoll!
The gnoll bouda hits you with a +0 club!
* * * LOW HITPOINT WARNING * * *
The gnoll bouda hits you with a +0 club.
* * * LOW HITPOINT WARNING * * *
Aiming: Sandblast (safe; 4% risk of failure)
Press: ? - help, Q - select action Shift-Dir - straight line, f - gnoll bouda
Aim: a gnoll bouda, wielding a +0 club and wearing a +0 leather armour (84% to hit)
The blast of sand hits the gnoll bouda.
The gnoll bouda is moderately wounded.
The gnoll bouda hits you with a +0 club!
You die...

#......#..#....#....#.##.
#.....##..#.#..#..#.##.##
#######.....##..#.#..........#
###...........##..#.#.##..#.##.#
..............##..#.#.##.....#.#
...P)....[#.......#.#.##.....#.##
...♣P.....#.##...................
.#..P♣....#.##.#).##..##.##..#.##
.#...♣....#.##.#@g....##.#...#...
.##....####.##'#+#.#.....########
.###..#####........##.......#####
...........!.......##...........#
.###########.......##...........#
.# #....'.......##...........# .#
#.####....................# .#
#.# #.......###.†........# .# #.#
#.........'..........#


You could see a gnoll bouda.

Vanquished Creatures
  A gnoll (D:2)
  An adder (D:2)
  A worm (D:2)
  A dart slug (D:2)
  6 endoplasms
  2 giant cockroaches (D:1)
  A goblin (D:1)
  2 jackals (D:1)
  A quokka (D:2)
  2 bats
  A frilled lizard (D:1)
  A kobold (D:2)
  2 rats (D:1)
22 creatures vanquished.

Notes
Turn   | Place    | Note
-------+----------+-------------------------------------------
     0 | D:1      | Tiocfaidh the Mummy Earth Elementalist began the quest for
                  | the Orb.
     0 | D:1      | Reached XP level 1. HP: 13/13 MP: 4/4
   218 | D:1      | Reached XP level 2. HP: 19/19 MP: 3/6
   270 | D:1      | Found a faded altar of an unknown god.
  1158 | D:2      | Noticed Sigmund
  1206 | D:2      | Gained mutation: You are in touch with the powers of death.
                  | [Mummy growth]
  1206 | D:2      | Reached XP level 3. HP: 18/25 MP: 4/7
  1616 | D:2      | Slain by a gnoll bouda

Illustrated notes

Levels and vault maps discovered:
D:1:      dpeg_arrival_round_b, layout_loops_ring,
          shapermc_ecumenical_altar_totnotflames
D:2:      layout_basic, dreamdust_wishing_well, serial_park_tiny_2,
          minmay_misc_feat_hallway, uniq_sigmund
D:3:      minmay_razor_zed, layout_basic, serial_shops, shop,
          biasface_ghost_orc_armoury

Skill      XL: |  1  2 |
---------------+-------+-----
Spellcasting   | 3 |  3.4
Earth Magic    | 3 |  3.0
Fighting       | |  0.7
Polearms       | |  0.3
Dodging        | |  1.6
Stealth        | |  1.8
Transmutations | |  0.7

Action                   || total
-------------------------++-------
Melee: Whip              ||     1
       Spear             ||    18
 Cast: Sandblast         ||    26
  Use: Scroll            ||     8
 Stab: Sleeping          ||     1
Armor: Robe              ||     5
Dodge: Dodged            ||    17
